 Dungeon Crawl Stone Soup version 0.29.1-15-g9cfb28693d (webtiles) character file.

Game seed: 6021474718457232606

403 JeweledSpear the Purveyor of Pain (level 7, -1/46 HPs)
             Began as a Human Necromancer on Mar 13, 2023.
             Was an Initiate of Kikubaaqudgha.
             Slain by an orc wizard
             ... wielding a +0 dagger
              (2 damage)
             ... on level 6 of the Dungeon on Mar 15, 2023.
             The game lasted 01:53:18 (5434 turns).

JeweledSpear the Purveyor of Pain (HuNe)            Turns: 5434, Time: 01:53:18

Health: -1/46      AC:  4    Str:  8    XL:     7   Next: 11%
Magic:  0/13       EV: 13    Int: 18    God:    Kikubaaqudgha [......]
Gold:   306        SH:  5    Dex: 19    Spells: 6/14 levels left

rFire   . . .      SeeInvis .   (no weapon)
rCold   . . .      Faith    .   (no shield)
rNeg    . . .      Spirit   .   a - +0 robe
rPois   .          Reflect  +   (no helmet)
rElec   .          Harm     .   (no cloak)
rCorr   .          Rampage  .   (no gloves)
Will    .....                   s - +1 pair of boots
Stlth   ++........              u - amulet of reflection
HPRegen 0.00/turn               g - +6 ring of dexterity
MPRegen 0.13/turn               x - ring of wizardry

@: inhibited regen
A: sense surroundings 1, inhibited regeneration
a: Renounce Religion


You were on level 6 of the Dungeon.
You worshipped Kikubaaqudgha.
Kikubaaqudgha was noncommittal.
You visited 2 branches of the dungeon, and saw 7 of its levels.

You collected 306 gold pieces.

Inventory:

Armour
 a - a +0 robe (worn)
 s - a +1 pair of boots (worn)
Jewellery
 g - a +6 ring of dexterity (left hand)
 u - an amulet of reflection (around neck)
 v - a ring of ice
 x - a ring of wizardry (right hand)
Wands
 p - a wand of quicksilver (5)
Scrolls
 b - 3 scrolls of magic mapping
 f - 7 scrolls of identify
 j - 5 scrolls of teleportation
 l - 2 scrolls of noise {unknown}
 m - a scroll of blinking {unknown}
 o - 2 scrolls of silence {unknown}
 w - 3 scrolls of fear {unknown}
Potions
 c - a potion of curing
 e - a potion of invisibility {unknown}
 h - a potion of lignification
 k - a potion of might {unknown}
 n - a potion of resistance
 q - a potion of haste
 r - a potion of ambrosia {unknown}
 t - a potion of degeneration {unknown}


   Skills:
 + Level 0.1 Fighting
 + Level 0.1 Throwing
 + Level 2.5 Dodging
 + Level 2.6 Stealth
 + Level 0.1 Shields
 + Level 0.9 Unarmed Combat
 + Level 4.3 Spellcasting
 + Level 6.0 Necromancy
 + Level 0.2 Evocations


You had 6 spell levels left.
You knew the following spells:

 Your Spells              Type           Power      Damage    Failure   Level
a - Necrotise             Necr           100%       1d9       1%          1
b - Vampiric Draining     Necr           25%        2d7       1%          3
c - Animate Dead          Necr           25%        N/A       4%          4

Your spell library contained the following spells:

 Spells                   Type           Power      Damage    Failure   Level
 Magic Dart               Conj           12%        1d3       6%          1
 Call Imp                 Summ           3%         N/A       9%          2
 Agony                    Necr           25%        N/A       13%         5
 Mephitic Cloud           Conj/Pois/Air  3%         N/A       16%         3


Dungeon Overview and Level Annotations

Branches:
Dungeon (6/15)             Temple (1/1) D:4

Altars:
Ashenzari
Dithmenos
Elyvilon
Fedhas
Gozag
Hepliaklqana
Kikubaaqudgha
Makhleb
Nemelex Xobeh
Okawaru
Qazlal
Ru
Uskayaw
Vehumet
Wu Jian
Yredelemnul
Zin
The Shining One

Shops:
D:5 *

Portals:
Abyss: D:3

Annotations:
D:3 2 transporters, Seidenschwarz's ghost, amateur MiFi


Innate Abilities, Weirdness & Mutations

You passively map a small area around you.
You do not regenerate when monsters are visible.


Message History

Your orc wizard skeleton hits the ice beast but does no damage.
Casting: Necrotise (safe; 1% risk of failure)
Confirm with . or Enter, or press ? or * to list all spells.
You don't have enough magic to cast this spell.
Something hits you.
* * * LOW HITPOINT WARNING * * *
The ice beast barely misses your orc wizard skeleton.
Your orc wizard skeleton hits the ice beast but does no damage.
Okay, then.
You hear some strange, mumbled words.
A puff of flame appears from out of thin air!
The puff of flame hits you. You resist.
* * * LOW HITPOINT WARNING * * *
The ice beast hits your orc wizard skeleton.
The ice beast freezes your orc wizard skeleton.
Your orc wizard skeleton resists.
You cannot teleport because you are held in place by your roots.
It was a potion of mutation.
You feel extremely strange.
Your regeneration stops near monsters.
You feel a strange attunement to the structure of the dungeons.
Your orc wizard skeleton barely misses the ice beast.
Something hits you.
* * * LOW HITPOINT WARNING * * *
The ice beast hits your orc wizard skeleton.
The ice beast freezes your orc wizard skeleton.
Your orc wizard skeleton resists.
Okay, then.
Okay, then.
Okay, then.
It was a potion of cancellation.
Your magical effects are unravelling.
You feel magically purged.
You feel less wooden.
Your +1 pair of boots unmelds from your body.
Your +0 robe unmelds from your body.
Your resistance to elements expires.
Your orc wizard skeleton hits the ice beast but does no damage.
Something hits you.
You die...
Kikubaaqudgha rasps: "You have failed me!
Welcome... death!"

.........##.... ,
...........# *
#)......# ,
####..)...# ##
##<...†....###..#.
#.................
,
##...Z.##........#
#..{Y.##..###....
#...@..#).## ... *
####..#....# ,#
###...#...## , *
#.........#
#.....##### ,
##.....# , #...###
#####


You could see an ice beast (distracted, ally target) and a friendly orc wizard
skeleton.

Vanquished Creatures
  A phantom (D:5)
  A scorpion (D:6)
  A jelly (D:5)
  2 hounds (D:5)
  An iguana (D:5)
  An orc wizard (D:6)
  4 adders
  2 shadow imps
  An ufetubus (D:5)
  A worm (D:2)
  2 dart slugs
  8 orcs
  8 ball pythons
  5 endoplasms
  4 giant cockroaches
  7 hobgoblins
  8 jackals
  3 kobolds
  3 quokkas
  3 bats
  A frilled lizard (D:2)
  3 rats
70 creatures vanquished.

Vanquished Creatures (collateral kills)
  An orc (D:5)
  A goblin (D:3)
  A bat (D:1)
  3 frilled lizards
6 creatures vanquished.

Vanquished Creatures (others)
  2 plants
2 creatures vanquished.

Grand Total: 78 creatures vanquished

Notes
Turn   | Place    | Note
-------+----------+-------------------------------------------
     0 | D:1      | JeweledSpear the Human Necromancer began the quest for the
                  | Orb.
     0 | D:1      | Reached XP level 1. HP: 13/13 MP: 3/3
   204 | D:1      | Reached XP level 2. HP: 10/19 MP: 3/5
   802 | D:1      | Reached XP level 3. HP: 23/24 MP: 4/6
   813 | D:1      | Learned a level 3 spell: Vampiric Draining
  2086 | D:2      | Reached XP level 4. HP: 27/30 MP: 1/8
  2156 | D:2      | Learned a level 4 spell: Animate Dead
  2403 | D:3      | Identified the +9 hand axe "Zuguujor" {elec, rElec rF+ rC+}
  2432 | D:3      | Noticed a small abomination
  2432 | D:3      | Noticed a small abomination
  2472 | D:3      | Found a transporter.
  2599 | D:3      | Found a one-way gate to the infinite horrors of the Abyss.
  2599 | D:3      | Noticed Seidenschwarz's ghost (amateur MiFi)
  2607 | D:3      | Found a transporter.
  2702 | D:3      | Found a hazy altar of Hepliaklqana.
  2768 | D:3      | Found a sacrificial altar of Ru.
  2832 | D:3      | Found a faded altar of an unknown god.
  3625 | D:4      | Noticed a black bear
  3961 | D:4      | Found a staircase to the Ecumenical Temple.
  3978 | Temple   | Entered the Ecumenical Temple
  4153 | Temple   | Became a worshipper of Kikubaaqudgha
  4281 | D:4      | Found a stormy altar of Qazlal.
  4414 | D:5      | Entered Level 5 of the Dungeon
  4530 | D:5      | Noticed a phantom
  4540 | D:5      | Reached skill level 5 in Necromancy
  4540 | D:5      | Reached XP level 5. HP: 35/35 MP: 3/10
  4551 | D:5      | Killed a phantom
  4552 | D:5      | Reached XP level 6. HP: 33/41 MP: 3/11
  4591 | D:5      | Found a shadowy altar of Dithmenos.
  4727 | D:5      | Found a sparkling altar of Nemelex Xobeh.
  4910 | D:5      | Found Maxtubepob's Fire Supplies.
  5123 | D:5      | Found a glowing golden altar of the Shining One.
  5161 | D:5      | Found a burning altar of Makhleb.
  5211 | D:6      | Noticed an ice beast
  5403 | D:6      | Noticed an ice beast
  5410 | D:6      | Reached skill level 6 in Necromancy
  5410 | D:6      | Reached XP level 7. HP: 46/46 MP: 7/13
  5432 | D:6      | HP: 2/69 [something/puff of flame (4)]
  5433 | D:6      | Gained mutation: You do not regenerate when monsters are
                  | visible. [potion of mutation]
  5433 | D:6      | Gained mutation: You passively map a small area around you.
                  | [potion of mutation]
  5434 | D:6      | Slain by an orc wizard

Illustrated notes

Levels and vault maps discovered:
D:1:      dpeg_arrival_orchard, layout_basic,
          nicolae_concentric_dashed_squares_mild
D:2:      layout_basic, serial_glass, glass_columns_b, glass_columns_c
D:3:      layout_loops_cross, mainiacjoe_overflow_tiny_flanked,
          mainiacjoe_overflow_surrounded_room, gammafunk_ghost_abyssal_escape,
          shapermc_ecumenical_altar_ellora
D:4:      layout_loops_ring, kennysheep_little_box,
          minmay_temple_entry_crystal_x
D:5:      layout_cave_pools, nemelex_diamond_rough_becter,
          mainiacjoe_overflow_alcove_2, makhleb_grotto_becter,
          marbit_many_paths, nicolae_shop_fire_sale [nicolae_sub_dead_trees],
          minmay_fountain_box, minmay_misc_feat_tower
D:6:      layout_cave_pools, nicolae_sif_muna_condensation, uniq_duvessa,
          uniq_pikel
Temple:   nicolae_temple_bog_church

Skill      XL: |  1  2  3  4  5  6 |
---------------+-------------------+-----
Spellcasting   | 3 4 |  4.3
Necromancy     | 5 6 |  6.0
Fighting       | |  0.1
Throwing       | |  0.1
Dodging        | |  2.5
Stealth        | |  2.6
Shields        | |  0.1
Unarmed Combat | |  0.9
Evocations     | |  0.2

Action                   |  1- 3 |  4- 6 |  7- 9 || total
-------------------------+-------+-------+-------++-------
Melee: Unarmed           |    10 |    36 |     2 ||    48
       Punch             |       |     1 |       ||     1
Throw: Dart              |       |     5 |       ||     5
 Cast: Necrotise         |    54 |    93 |    10 ||   157
       Vampiric Draining |     1 |     4 |       ||     5
Evoke: Wand              |       |     6 |       ||     6
  Use: Potion            |     1 |     2 |     4 ||     7
       Scroll            |       |     2 |       ||     2
Armor: Robe              |     2 |    14 |     2 ||    18
       Skin              |       |       |    10 ||    10
Dodge: Dodged            |    13 |    55 |     6 ||    74
Block: Other             |       |     8 |     3 ||    11
       Reflection        |       |     1 |       ||     1
